 Dungeon Sprint DCSS version 0.30.1-11-g7821555f0a (webtiles) character file.

Game seed: 15911424734726971974

96 Groucho the Covert (level 4, -19/21 HPs)
             Began as a Spriggan Enchanter on Nov 21, 2023.
             Killed from afar by an oklob sapling priest (40 damage)
             ... with a splash of acid
             ... in the Dungeon (Sprint IV: "Fedhas' Mad Dash").
             The game lasted 00:00:39 (55 turns).

Groucho the Covert (Spriggan Enchanter)               Turns: 55, Time: 00:00:40

Health: -19/21     AC:  2    Str:  4    XL:     4   Next: 41%
Magic:  9/12       EV: 17    Int: 18    God:
Gold:   36         SH:  0    Dex: 15    Spells: 13/13 levels left

rFire   . . .        a - +1 dagger
rCold   . . .        (no shield)
rNeg    . . .        b - +0 robe
rPois   .            (helmet restricted)
rElec   .            (no cloak)
rCorr   .            (gloves unavailable)
SInv    +            (boots unavailable)
Will    .....        (no amulet)
Stlth   ++++         (no ring)
HPRegen 0.23/turn    (no ring)
MPRegen 0.13/turn

%: no teleportation
@: hasted, invisible, very quick
A: very small, no large weapons, unfitting armour, see invisible, speed 3
a: no special abilities


You were in the Dungeon.
You visited 1 branch You collected 36 gold pieces.

Inventory:

Hand Weapons
 a - a +1 dagger (weapon)
Armour
 b - a +0 robe (worn)
Jewellery
 f - the amulet of invisibility {+Inv}
   (You found it in the Dungeon)

   [amulet of nothing]

   +Inv:      It lets you turn invisible.
Scrolls
 i - a scroll of blinking
Potions
 c - a potion of invisibility
 d - a potion of curing
 e - a potion of heal wounds
 g - 2 potions of magic
 h - a potion of berserk rage


   Skills:
 - Level 1.1 Short Blades
 - Level 2.6 Dodging
 * Level 9.0 Stealth
 + Level 5.0 Spellcasting
 + Level 5.5 Hexes
 * Level 6.5 Evocations


You had 13 spell levels left.
You didn't know any spells.
Your spell library contained the following spells:

 Spells                   Type           Power      Damage    Failure   Level
 Confusing Touch          Hex            24%        N/A       4%          3
 Tukima's Dance           Hex            24%        N/A       4%          3
 Ensorcelled Hibernation  Hex/Ice        28%        N/A       6%          2
 Dazzling Flash           Conj/Hex       28%        N/A       13%         3


Dungeon Overview and Level Annotations

Branches:
Dungeon (1/1)

Altars:
Cheibriados
Dithmenos
Elyvilon
Gozag
Hepliaklqana
Kikubaaqudgha
Makhleb
Nemelex Xobeh
Okawaru
Qazlal
Ru
Sif Muna
Trog
Uskayaw
Vehumet
Wu Jian
Xom
Yredelemnul
Zin
The Shining One
Jiyva
Lugonu

Annotations:
D exclusion: oklob sapling


Innate Abilities, Weirdness & Mutations

You are very small and have problems with some larger weapons.
You are too small for most types of armour.
You have supernaturally acute eyesight. (SInv)
You cover ground extremely quickly. (Speed+++)


Message History

You have reached level 3!
Your experience leads to an increase in your attributes!
Increase (S)trength, (I)ntelligence, or (D)exterity?
You feel clever. x2
Found 5 poisoned darts and a club.
A scorpion comes into view.
Found the amulet of invisibility {+Inv}.
You see here 8 gold pieces.
You see here 5 poisoned darts.
The helpless scorpion fails to defend itself.
You impale the scorpion!!
You kill the scorpion!
Your Stealth skill gained 2 levels and is now at level 9!
Your Spellcasting skill increases to level 5!
Your Hexes skill increases to level 5!
Your Evocations skill gained 2 levels and is now at level 6!
You have reached level 4!
f - the amulet of invisibility {+Inv} You see here 5 poisoned darts.
You now have 17 gold pieces.
You now have 29 gold pieces (gained 12).
You now have 36 gold pieces (gained 7).
You open the door.
Found nine altars.
An oklob sapling priest comes into view.
Found four altars.
Marking area around an oklob sapling priest as unsafe for travelling.
There is an open door here.
Unknown command.
Unknown command.
Found three altars.
Found two altars.
Found three altars.
There is an opulent altar of Gozag here.
Found a corrupted altar of Lugonu and a radiant altar of Vehumet.
There is a hazy altar of Hepliaklqana here.
The oklob sapling priest spits acid at you.
The splash of acid hits you!!!
Ouch! That really hurt!
You die...

########################
....#.$...#.⌠._._._._.⌠.
$†..'.#().'.._._@_._._..
....#.#...#..._._P_._...
########+##.._._._._._..
#._._._._._.⌠.
##############


You could see an oklob sapling priest (unable to see you).

Vanquished Creatures
  A scorpion (D)
  An oklob sapling (D)
  A river rat (D)
  A rat (D)
4 creatures vanquished.

Notes
Turn   | Place    | Note
-------+----------+-------------------------------------------
     0 | D        | Groucho the Spriggan Enchanter began the quest for the Orb.
     0 | D        | Reached XP level 1. HP: 9/9 MP: 5/5
    10 | D        | Reached skill level 1 in Evocations
    25 | D        | Reached skill level 5 in Stealth
    25 | D        | Reached XP level 2. HP: 13/13 MP: 7/7
    27 | D        | Noticed an oklob sapling
    34 | D        | Killed an oklob sapling
    35 | D        | Reached skill level 7 in Stealth
    35 | D        | Reached XP level 3. HP: 16/16 MP: 7/9
    36 | D        | Noticed a scorpion
    36 | D        | Found the amulet of invisibility {+Inv}
    38 | D        | Killed a scorpion
    39 | D        | Reached skill level 9 in Stealth
    39 | D        | Reached skill level 5 in Spellcasting
    39 | D        | Reached skill level 5 in Hexes
    39 | D        | Reached XP level 4. HP: 21/21 MP: 8/12
    48 | D        | Found an opulent altar of Gozag.
    48 | D        | Found a hazy altar of Hepliaklqana.
    48 | D        | Found a burning altar of Makhleb.
    48 | D        | Found a sparkling altar of Nemelex Xobeh.
    48 | D        | Found a sacrificial altar of Ru.
    48 | D        | Found a shimmering blue altar of Sif Muna.
    48 | D        | Found an ornate altar of the Wu Jian Council.
    48 | D        | Found a shimmering altar of Xom.
    48 | D        | Found a basalt altar of Yredelemnul.
    49 | D        | Found a viscous altar of Jiyva.
    49 | D        | Found a snail-covered altar of Cheibriados.
    49 | D        | Found a bloodstained altar of Trog.
    50 | D        | Found an iron altar of Okawaru.
    50 | D        | Found a shadowy altar of Dithmenos.
    50 | D        | Found a glowing silver altar of Zin.
    51 | D        | Found an ancient bone altar of Kikubaaqudgha.
    51 | D        | Found a hide-covered altar of Uskayaw.
    52 | D        | Found a stormy altar of Qazlal.
    52 | D        | Found a white marble altar of Elyvilon.
    52 | D        | Found a glowing golden altar of the Shining One.
    53 | D        | Found a corrupted altar of Lugonu.
    53 | D        | Found a radiant altar of Vehumet.
    55 | D        | Killed from afar by an oklob sapling priest

Illustrated notes

Levels and vault maps discovered:
D:        dungeon_sprint_fedhas [sprint_temple]

Skill      XL: |  1  2  3 |
---------------+----------+-----
Evocations     | 3 4 6 |  6.5
Stealth        | 5 7 9 |  9.0
Spellcasting   | 3 4 5 |  5.0
Hexes          | 4 5 |  5.5
Short Blades   | |  1.1
Dodging        | |  2.6

Action                     |  1- 3 |  4- 6 || total
---------------------------+-------+-------++-------
  Melee: Dagger            |    22 |       ||    22
    Use: Potion            |     2 |       ||     2
   Stab: Invisible         |     3 |       ||     3
         Sleeping          |     1 |       ||     1
  Dodge: Dodged            |     6 |       ||     6
